 Dungeon Crawl Stone Soup version 0.18.1-48-g4cf74bf (webtiles) character file.

78246 Nukog the Shatterer (level 15, -2/253 HPs)
             Began as an Ogre Wanderer on Sept 9, 2016.
             Was the Champion of Trog.
             Killed from afar by a guardian serpent (4 damage)
             ... with a bolt of poison
             ... on level 1 of the Snake Pit.
             The game lasted 02:31:27 (28397 turns).

Nukog the Shatterer (Ogre Wanderer)                Turns: 28397, Time: 02:31:29

Health: -2/253     AC: 20    Str: 27    XL:     15   Next: 59%
Magic:  15/15      EV: 15    Int: 10    God:    Trog [******]
Gold:   1476       SH:  0    Dex: 14    Spells: 0 memorised, 14 levels left

rFire  . . .     SeeInvis .     E - +5 giant spiked club (protect)
rCold  . . .     Gourm    +     z - +4 troll leather armour {Purgy}
rNeg   . . .     Faith    .     (shield currently unavailable)
rPois  +         Spirit   .     (helmet restricted)
rElec  .         Dismiss  .     A - +0 cloak (curse)
rCorr  .         Reflect  .     (gloves unavailable)
SustAt .         Harm     .     (boots unavailable)
MR     +....                    j - amulet of the gourmand
Stlth  ..........               t - ring of poison resistance
                                C - +5 ring of protection

@: berserking, very quick, somewhat resistant to hostile enchantments, extremely
unstealthy
A: unfitting armour, tough skin 1
a: Berserk, Trog's Hand, Brothers in Arms, Burn Spellbooks, Renounce Religion


You were on level 1 of the Snake Pit.
You worshipped Trog.
Trog was exalted by your worship.
You were not hungry.

You visited 4 branches of the dungeon, and saw 22 of its levels.
You also visited: Sewer, Ossuary and Volcano.

You collected 1581 gold pieces.
You spent 105 gold pieces at shops.

Inventory:

Hand Weapons
 o - a +1 antimagic dire flail
 E - a +5 giant spiked club of protection (weapon)
Missiles
 a - 7 large rocks (quivered)
 I - a throwing net
Armour
 z - a +4 troll leather armour (worn) {Purgy}
 A - a cursed +0 cloak (worn)
Jewellery
 c - an uncursed ring of magical power
 j - an amulet of the gourmand (around neck)
 r - an uncursed ring of stealth
 t - a ring of poison resistance (right hand)
 v - an uncursed ring of sustain attributes
 C - a +5 ring of protection (left hand)
 N - a cursed ring of teleportation
 O - a +3 amulet of reflection
 R - a +3 ring of dexterity {unknown}
Wands
 b - a wand of flame (23/48)
 d - a wand of iceblast (7/15)
 q - a wand of paralysis (9/24)
 s - a wand of enslavement (8/24)
 y - a wand of iceblast (4/15)
 D - a wand of polymorph (10/24)
 M - a wand of digging (11/24)
 T - a wand of disintegration (6/24)
Scrolls
 e - 10 scrolls of remove curse
 k - 11 scrolls of teleportation
 n - a scroll of blinking
 p - a scroll of fog
 B - 4 scrolls of magic mapping
 F - 12 scrolls of fear
Potions
 g - 4 potions of might
 i - a potion of berserk rage
 l - 4 potions of agility
 u - 10 potions of curing
 w - a potion of cancellation
 x - 2 potions of invisibility
 G - 3 potions of brilliance
 H - a potion of cure mutation
 J - 7 potions of flight
 L - 3 potions of ambrosia
 P - a potion of haste
 V - 3 potions of resistance
Comestibles
 f - 15 bread rations
 h - 10 meat rations
 m - 24 beef jerkies
 Q - a slice of pizza
 W - 5 fruits


   Skills:
 + Level 15.9 Fighting
   Level 1.0(9.9) Axes
 + Level 22.8 Maces & Flails
 - Level 4.2 Throwing
 - Level 10.0 Dodging
 * Level 8.6 Stealth


You had 14 spell levels left.
You didn't know any spells.

Dungeon Overview and Level Annotations

Branches:
Dungeon (12/15)            Temple (1/1) D:4            Lair (8/8) D:8
  Swamp (0/4) Lair:3        Snake (1/4) Lair:4        Slime (0/6) Lair:8
    Orc (0/2) D:10

Altars:
Ashenzari
Cheibriados
Dithmenos
Elyvilon
Fedhas
Gozag
Kikubaaqudgha
Makhleb
Okawaru
Pakellas
Qazlal
Ru
Sif Muna
Trog
Vehumet
Xom
Yredelemnul
Zin
The Shining One
Beogh

Shops:
D:8 [   D:10 }?(%


Innate Abilities, Weirdness & Mutations

You are too large for most types of armour.
You have tough skin (AC +1).


Message History

You hit the guardian serpent but do no damage.
The guardian serpent is lightly wounded.
The guardian serpent weaves intricate patterns with the tip of its tongue.
The naga blinks into view!
You impale the guardian serpent!!
The guardian serpent is almost dead.
The guardian serpent hits you!
* * * LOW HITPOINT WARNING * * *
The naga hits you with a glaive!
* * * LOW HITPOINT WARNING * * *
The naga closely misses you.
Drink which item? (? for menu, Esc to quit)
Okay, then.
A red film seems to cover your vision as you go berserk!
You feel yourself moving faster!
You feel mighty! The guardian serpent hits you!
* * * LOW HITPOINT WARNING * * *
The guardian serpent coils itself and waves its upper body at you.
The bolt of poison hits you! You resist.
You die...

## ###### ######### ##.#####
#....### #.......## #
.......####......# ##........####
......)).##......###...........##
......<..##.....NS#...........##.
.............##.@#...............
...........##..÷##..........#####
...........###..÷)..S......## #
............##.#####N...#### ###
.........#..#.## ##..###.# ###..
.........##...#####.##....###...#
.....##.###.....##N#####......###
##### #.###.###..S## #.##.###
#### #.#.## ###.# #.###.#


You could see a guardian serpent and a naga.

Vanquished Creatures
  Kirke (Snake:1)
  A fire dragon (Lair:8)
  Josephine (D:10)
  The ghost of Lovchig the Cleaver, a journeyman DDFi of the Shining One (D:12)
  Erolcha (D:11)
  2 naga warriors (Snake:1)
  10 hydras
  A centaur warrior (Volcano)
  9 death yaks
  Sonja (D:10)
  5 skeletal warriors (D:12)
  A naga ritualist (Snake:1)
  The ghost of Britaniac the Thaumaturge, a novice GrEE of Vehumet (D:7)
  An oklob plant (Lair:6)
  A hill giant (D:11)
  An ugly thing (D:12)
  A mana viper (Snake:1)
  3 cyclopes (D:11)
  A guardian serpent (Snake:1)
  14 black mambas
  3 molten gargoyles
  A torpor snail (Lair:5)
  A gargoyle (Volcano)
  6 spiny frogs
  5 rime drakes (Lair:8)
  10 komodo dragons
  A yaktaur (Volcano)
  A merfolk (D:11)
  Grinder (D:3)
  A two-headed ogre (D:11)
  2 trolls
  4 raiju (Lair:8)
  8 polar bears (Lair:8)
  4 slime creatures (D:12)
  19 blink frogs
  4 wraiths (D:10)
  Sigmund (D:6)
  A hog (Snake:1)
  2 wyverns
  68 yaks
  4 fire bats (Volcano)
  5 basilisks
  4 hungry ghosts
  A steam dragon (Lair:8)
  15 hippogriffs
  Eustachio (D:4)
  A mottled dragon (Lair:8)
  5 wargs (Lair:8)
  7 nagas
  9 porcupines
  10 water moccasins
  8 hell hounds (Lair:8)
  Purgy (Sewer)
  A swamp drake (Lair:8)
  3 ice beasts
  8 orc warriors
  3 eyes of draining
  14 black bears
  A necrophage (D:7)
  A phantom (D:11)
  A sky beast (D:6)
  8 centaurs
  8 ogres
  15 wolves
  23 crocodiles
  16 giant frogs
  2 gnoll sergeants
  A wyvern zombie (D:12)
  A wyvern skeleton (D:6)
  A water moccasin skeleton (D:5)
  2 scorpions
  5 killer bees (D:9)
  An electric eel (Lair:6)
  6 wights
  2 howler monkeys
  4 crimson imps
  4 centaur zombies
  6 lava snakes
  A quasit (D:10)
  3 giant frog skeletons
  Crazy Yiuf (D:3)
  19 hounds
  7 jellies
  4 centaur skeletons
  10 orc priests
  22 orc wizards
  11 iguanas
  Natasha (thrice) (D:3)
  5 worker ants
  A killer bee zombie (D:11)
  12 sheep
  A big kobold zombie (Ossuary)
  A hound skeleton (D:5)
  4 mummies (Ossuary)
  A howler monkey zombie (D:8)
  Robin (D:4)
  24 gnolls
  2 howler monkey skeletons (D:9)
  28 river rats
  18 adders
  3 shadow imps
  2 adder skeletons
  2 worms (D:3)
  A dart slug (D:3)
  7 giant geckos
  32 orcs
  8 ball pythons
  13 bats
  7 giant cockroaches
  2 gnoll zombies (Ossuary)
  14 goblins
  11 hobgoblins
  27 jackals
  6 quokkas
  A giant cockroach zombie (D:5)
  13 giant newts
  A hobgoblin zombie (Ossuary)
  9 kobolds
  A kobold zombie (Ossuary)
  An orc zombie (Ossuary)
  9 rats
  5 fungi
  4 plants
766 creatures vanquished.

Vanquished Creatures (others)
  A naga mage (Snake:1)
  3 blink frogs (Lair:8)
  A naga (Snake:1)
  A black bear (Lair:8)
  An iguana (Lair:8)
  A bat (D:3)
  13 fungi
  20 plants
41 creatures vanquished.

Grand Total: 807 creatures vanquished

Notes
Turn   | Place    | Note
--------------------------------------------------------------
     0 | D:1      | Nukog the Ogre Wanderer began the quest for the Orb.
     0 | D:1      | Nukog set off with: a +2 mace, a +0 robe, 9 poisoned needles, a +0 blowgun, a bread ration
     0 | D:1      | Reached XP level 1. HP: 27/27 MP: 1/1
    73 | D:1      | Reached skill level 2 in Maces & Flails
   179 | D:1      | Reached XP level 2. HP: 34/35 MP: 2/2
   348 | D:1      | Reached skill level 3 in Maces & Flails
   910 | D:2      | Reached XP level 3. HP: 42/42 MP: 3/3
   936 | D:2      | Reached skill level 4 in Maces & Flails
  1230 | D:2      | Found a radiant altar of Vehumet.
  1473 | D:2      | Reached skill level 5 in Maces & Flails
  1473 | D:2      | Reached XP level 4. HP: 46/50 MP: 4/4
  1817 | D:2      | Reached skill level 6 in Maces & Flails
  1968 | D:2      | Reached XP level 5. HP: 53/57 MP: 5/5
  2068 | D:3      | Noticed Grinder
  2072 | D:3      | Paralysed by Grinder for 6 turns
  2095 | D:3      | HP: 2/57 [Grinder (5)]
  2103 | D:3      | Paralysed by Grinder for 7 turns
  2112 | D:3      | Killed Grinder
  2112 | D:3      | Reached skill level 8 in Maces & Flails
  2112 | D:3      | Reached XP level 6. HP: 12/66 MP: 6/6
  2452 | D:3      | Found a white marble altar of Elyvilon.
  2702 | D:3      | Noticed Natasha
  2709 | D:3      | Killed Natasha
  2709 | D:3      | Reached skill level 9 in Maces & Flails
  3000 | D:3      | Noticed Natasha
  3010 | D:3      | Killed Natasha
  3010 | D:3      | Reached XP level 7. HP: 67/72 MP: 7/7
  3094 | D:3      | Noticed Natasha
  3106 | D:3      | Killed Natasha
  3260 | D:3      | Noticed Crazy Yiuf
  3268 | D:3      | HP: 1/72 [Crazy Yiuf/quarterstaff of chaos (7)]
  3271 | D:3      | Killed Crazy Yiuf
  3655 | D:4      | Reached skill level 10 in Maces & Flails
  3849 | D:4      | Noticed Robin
  3863 | D:4      | Killed Robin
  4133 | D:4      | Noticed Eustachio
  4195 | D:4      | Killed Eustachio
  4195 | D:4      | Reached skill level 11 in Maces & Flails
  4195 | D:4      | Reached XP level 8. HP: 37/80 MP: 8/8
  4872 | D:4      | Found a staircase to the Ecumenical Temple.
  4882 | Temple   | Entered the Ecumenical Temple
  5125 | D:5      | Entered Level 5 of the Dungeon
  5332 | D:5      | Reached skill level 12 in Maces & Flails
  5415 | D:5      | Found a burning altar of Makhleb.
  5504 | D:5      | Found a sand-covered staircase.
  5527 | Ossuary  | Entered an ossuary
  6194 | D:5      | Found a white marble altar of Elyvilon.
  6401 | D:6      | Found a glowing drain.
  6416 | Sewer    | Entered a sewer
  6437 | Sewer    | Noticed Purgy
  6443 | Sewer    | Killed Purgy
  6683 | D:6      | Noticed Sigmund
  6698 | D:6      | Killed Sigmund
  6698 | D:6      | Reached skill level 13 in Maces & Flails
  6698 | D:6      | Reached XP level 9. HP: 83/93 MP: 9/9
  7072 | D:6      | Found a deep blue altar of Sif Muna.
  7072 | D:6      | Found a shattered altar of Ashenzari.
  7076 | D:6      | Found an oddly glowing altar of Pakellas.
  8020 | D:7      | Noticed Britaniac's ghost (novice GrEE)
  8034 | D:7      | Killed Britaniac's ghost
  8034 | D:7      | Reached skill level 14 in Maces & Flails
  8147 | D:7      | Reached XP level 10. HP: 79/104 MP: 10/10
  8222 | D:7      | Found a bloodstained altar of Trog.
  8228 | D:7      | Reached skill level 15 in Maces & Flails
  8236 | D:7      | Became a worshipper of Trog the Wrathful
  9130 | D:8      | You fall through a shaft for 3 floors!
  9142 | D:11     | Reached * piety under Trog
  9142 | D:11     | Reached skill level 16 in Maces & Flails
  9550 | D:10     | Entered Level 10 of the Dungeon
  9558 | D:10     | Found Hoibur's Magic Scroll Emporium.
  9571 | D:10     | Bought a scroll of enchant armour for 105 gold pieces
  9682 | D:10     | Found Heumilukk's Gadget Shoppe.
  9693 | D:10     | Found a staircase to the Orcish Mines.
  9842 | D:8      | Found Xuohab's Armour Shoppe.
  9889 | D:8      | Found a staircase to the Lair.
  9906 | D:8      | Reached ** piety under Trog
  9932 | D:8      | Reached skill level 17 in Maces & Flails
 10166 | Lair:1   | Entered Level 1 of the Lair of Beasts
 10337 | Lair:1   | Reached XP level 11. HP: 72/113 MP: 11/11
 10339 | Lair:1   | Reached skill level 18 in Maces & Flails
 11055 | Lair:1   | Reached *** piety under Trog
 11110 | Lair:1   | Reached skill level 19 in Maces & Flails
 11226 | Lair:1   | Noticed a four-headed hydra
 11236 | Lair:1   | Killed a four-headed hydra
 11724 | Lair:2   | Noticed a seven-headed hydra
 11843 | Lair:2   | Reached skill level 10 in Fighting
 13457 | Lair:3   | Noticed a fire dragon
 13705 | D:8      | Reached XP level 12. HP: 132/132 MP: 12/12
 13718 | D:8      | Reached **** piety under Trog
 14194 | D:9      | Reached skill level 1 in Stealth
 14786 | D:9      | Reached skill level 5 in Dodging
 14814 | D:10     | Noticed Sonja
 14834 | D:10     | Killed Sonja
 14946 | D:10     | Found Kad Qeum's Food Emporium.
 15139 | D:10     | Found a roughly hewn altar of Beogh.
 15146 | D:10     | Reached ***** piety under Trog
 15548 | D:10     | Noticed Josephine
 15564 | D:10     | Killed Josephine
 15730 | D:10     | Found Coamaup's Weapon Shoppe.
 16802 | D:11     | Noticed Erolcha
 16873 | D:11     | Killed Erolcha
 17386 | D:12     | Received a gift from Trog
 17450 | D:12     | Reached XP level 13. HP: 140/140 MP: 11/13
 17857 | D:12     | Noticed Lovchig's ghost (journeyman DDFi)
 17883 | D:12     | Killed Lovchig's ghost
 18836 | Lair:3   | Reached skill level 10 in Dodging
 18869 | Lair:3   | Found a staircase to the Swamp.
 18972 | Lair:3   | Reached skill level 5 in Stealth
 19969 | Lair:4   | Found a staircase to the Snake Pit.
 21162 | Snake:1  | Entered Level 1 of the Snake Pit
 21238 | Lair:5   | Reached skill level 20 in Maces & Flails
 21250 | Lair:5   | Received a gift from Trog
 21621 | Lair:5   | Reached XP level 14. HP: 153/153 MP: 14/14
 22450 | Lair:6   | Received a gift from Trog
 23052 | Lair:6   | Reached skill level 21 in Maces & Flails
 24167 | Lair:7   | Identified 2 scrolls of acquirement
 24191 | Lair:7   | Got a faintly humming large shield
 24202 | Lair:7   | Identified the +0 large shield of the Lion {Dex+4} (You acquired it on level 7 of the Lair of Beasts)
 25195 | Lair:8   | Entered Level 8 of the Lair of Beasts
 25301 | Lair:8   | Found a dark tunnel.
 25308 | Volcano  | Entered a volcano
 25324 | Volcano  | Received a gift from Trog
 25621 | Volcano  | Found a bloodstained altar of Trog.
 26314 | Lair:8   | Found a staircase to the Slime Pits.
 26601 | Lair:8   | Reached ****** piety under Trog
 26609 | Lair:8   | Received a gift from Trog
 26784 | Lair:8   | Reached skill level 22 in Maces & Flails
 26784 | Lair:8   | Reached XP level 15. HP: 141/165 MP: 15/15
 26932 | Lair:8   | Reached skill level 15 in Fighting
 27300 | Lair:8   | Received a gift from Trog
 28210 | Snake:1  | Noticed Kirke
 28243 | Snake:1  | Killed Kirke
 28396 | Snake:1  | HP: 7/169 [naga/glaive (10)]
 28397 | Snake:1  | HP: 2/253 [guardian serpent (9)]
 28397 | Snake:1  | Killed from afar by a guardian serpent

Skill      XL: |  1  2  3  4  5  6  7  8  9 10 11 12 13 14 15 |
---------------+----------------------------------------------+-----
Maces & Flails | 2 3 5 6 8 9 11 13 14 17 19 20 22 | 22.8
Dodging        | 3 4 8 10 | 10.0
Fighting       | 7 8 12 13 14 15 | 15.9
Stealth        | 4 6 8 |  8.6
Throwing       | 4 |  4.2
Axes           | |  1.0

Action                   |  1- 3 |  4- 6 |  7- 9 | 10-12 | 13-15 || total
-------------------------+-------+-------+-------+-------+-------++-------
Melee: Mace              |    88 |   139 |    46 |       |       ||   273
       Giant club        |       |       |   250 |       |       ||   250
       Giant spiked club |       |       |    98 |   673 |   979 ||  1750
Throw: Tomahawk          |       |       |     5 |     4 |       ||     9
       Throwing net      |       |       |       |     2 |       ||     2
       Large rock        |       |       |       |     5 |    20 ||    25
Invok: Berserk           |       |       |       |     6 |     4 ||    10
       Burn Spellbooks   |       |       |       |     1 |     3 ||     4
  Use: Potion            |       |     5 |     3 |     3 |     1 ||    12
       Scroll            |       |       |    11 |    19 |    16 ||    46
 Stab: Sleeping          |       |       |     1 |       |    16 ||    17
       Distracted        |       |       |       |       |     4 ||     4
  Eat: Chunk             |    15 |     5 |    17 |    56 |    35 ||   128
       Bread ration      |       |       |       |     3 |       ||     3
Armor: Robe              |    20 |    25 |    70 |       |       ||   115
       Troll hide        |       |       |    30 |    20 |       ||    50
       Troll leather arm |       |       |       |   153 |   323 ||   476
Dodge: Dodged            |    57 |    69 |   210 |   365 |   650 ||  1351
